| TOP OF THE 1ST |
|
Atlanta Braves batting - Pitching for Pittsburgh Pirates : LHP Sam Richardson
|
|
Pitching: LHP Sam Richardson
|
|
|
Batting: RHB Jeckel Hester
|
0-0: Ball 1-0: Ball 2-0: Ball 3-0: Base on Balls
|
|
Batting: RHB Kevin Howard
|
0-0: Ball 1-0: Called Strike 1-1: Foul Ball, location: 2F 1-2: Ball 2-2: Grounds into double play, 4-6-3 (Groundball, 4S, EV 83.8 MPH)
|
|
Batting: RHB Xavier Davis
|
0-0: Ball 1-0: Called Strike 1-1: Ball 2-1: Called Strike 2-2: Strikes out swinging
|
| Top of the 1st over - 0 runs, 0 hits, 0 errors, 0 left on base; Atlanta 0 - Pittsburgh 0 |
| BOTTOM OF THE 1ST |
|
Pittsburgh Pirates batting - Pitching for Atlanta Braves : LHP Matthew Spurrell
|
|
Pitching: LHP Matthew Spurrell
|
|
|
Batting: RHB Chiel Palstermans
|
0-0: Called Strike 0-1: Fly out, F4 (Popup, 3S, EV 75.0 MPH)
|
|
Batting: RHB Raul Mendoza
|
0-0: Bunt for hit to 3S - play at first, batter OUT! 3-4
|
|
Batting: SHB Marvin McAleer
|
0-0: Ball 1-0: Called Strike 1-1: Ground out 3-1 (Groundball, 34, EV 91.9 MPH)
|
| Bottom of the 1st over - 0 runs, 0 hits, 0 errors, 0 left on base; Atlanta 0 - Pittsburgh 0 |
| TOP OF THE 2ND |
|
Atlanta Braves batting - Pitching for Pittsburgh Pirates : LHP Sam Richardson
|
|
Batting: SHB Terry Tuckfard
|
0-0: Ball 1-0: Called Strike 1-1: Foul Ball, location: 2F 1-2: Ball 2-2: Ball 3-2: Strikes out swinging
|
|
Batting: RHB J.J. Powers
|
0-0: Ball 1-0: Foul Ball, location: 2F 1-1: Foul Ball, location: 2F 1-2: Foul Ball, location: 2F 1-2: Foul Ball, location: 2F 1-2: Ball 2-2: Ground out 3-1 (Groundball, 34, EV 81.2 MPH)
|
|
Batting: RHB Liangde Li
|
0-0: Ball 1-0: Ball 2-0: Ball 3-0: Called Strike 3-1: Base on Balls
|
|
Batting: LHB Erik Gretzky
|
0-0: Ball 1-0: Swinging Strike 1-1: Ball 2-1: Foul Ball, location: 2F 2-2: Foul Ball, location: 2F 2-2: Ball Liangde Li steals 2nd base 3-2: Strikes out looking
|
| Top of the 2nd over - 0 runs, 0 hits, 0 errors, 1 left on base; Atlanta 0 - Pittsburgh 0 |
| BOTTOM OF THE 2ND |
|
Pittsburgh Pirates batting - Pitching for Atlanta Braves : LHP Matthew Spurrell
|
|
Batting: RHB David Contreras
|
0-0: Foul Ball, location: 2F 0-1: Ball 1-1: Foul Ball, location: 2F 1-2: Ground out 5-3 (Groundball, 5, EV 102.5 MPH)
|
|
Batting: RHB Jorge Severiano
|
0-0: Ball 1-0: Called Strike 1-1: Ball 2-1: Foul Ball, location: 2F 2-2: SINGLE (Groundball, 4M, EV 101.9 MPH) (infield hit)
|
|
Pinch Runner at 1st Brad Day:
|
|
|
Batting: RHB Eisse Bravenboer
|
0-0: 2-RUN HOME RUN (Flyball, 9LD, EV 95.6 MPH), Distance : 346 ft
|
|
Batting: RHB Andrew Robinson
|
0-0: Ball 1-0: Fly out, F8 (Line Drive, 8RM, EV 85.0 MPH)
|
|
Batting: LHB Xavier Pittman
|
0-0: Foul Ball, location: 2F 0-1: Foul Ball, location: 2F 0-2: Ball 1-2: Strikes out swinging, 2-3 out at first.
|
| Bottom of the 2nd over - 2 runs, 2 hits, 0 errors, 0 left on base; Atlanta 0 - Pittsburgh 2 |
| TOP OF THE 3RD |
|
Atlanta Braves batting - Pitching for Pittsburgh Pirates : LHP Sam Richardson
|
|
Now at 1B: Brad Day
|
|
|
Batting: RHB Zheng-ze King
|
0-0: Called Strike 0-1: Ball 1-1: Foul Ball, location: 2F 1-2: Strikes out looking
|
|
Batting: RHB Jared Speck
|
0-0: Called Strike 0-1: Ball 1-1: Foul Ball, location: 2F 1-2: Foul Ball, location: 2F 1-2: Strikes out looking
|
|
Batting: RHB Jeckel Hester
|
0-0: Called Strike 0-1: Ball 1-1: Foul Ball, location: 2F 1-2: Foul Ball, location: 2F 1-2: Strikes out looking
|
| Top of the 3rd over - 0 runs, 0 hits, 0 errors, 0 left on base; Atlanta 0 - Pittsburgh 2 |
| BOTTOM OF THE 3RD |
|
Pittsburgh Pirates batting - Pitching for Atlanta Braves : LHP Matthew Spurrell
|
|
Batting: LHB Sammy Roddenberry
|
0-0: Ball 1-0: Foul Ball, location: 2F 1-1: Foul Ball, location: 2F 1-2: SOLO HOME RUN (Flyball, 89XD, EV 113.8 MPH), Distance : 432 ft
|
|
Batting: RHB Chiel Palstermans
|
0-0: Foul Ball, location: 2F 0-1: Ball 1-1: Ball 2-1: Ground out 2-3 (Groundball, 13S, EV 69.4 MPH)
|
|
Batting: RHB Raul Mendoza
|
0-0: Ball 1-0: Ball 2-0: Ball 3-0: Ground out 6-3 (Groundball, 6, EV 98.1 MPH)
|
|
Batting: SHB Marvin McAleer
|
0-0: Called Strike 0-1: Ball 1-1: Ball 2-1: Fly out, F8 (Flyball, 8LS, EV 95.6 MPH)
|
| Bottom of the 3rd over - 1 run, 1 hit, 0 errors, 0 left on base; Atlanta 0 - Pittsburgh 3 |
| TOP OF THE 4TH |
|
Atlanta Braves batting - Pitching for Pittsburgh Pirates : LHP Sam Richardson
|
|
Pitching: LHP Marko Emchenko
|
|
|
Batting: RHB Kevin Howard
|
0-0: Ball 1-0: Ball 2-0: Ground out 6-3 (Groundball, 6, EV 80.6 MPH)
|
|
Batting: RHB Xavier Davis
|
0-0: Ball 1-0: Fly out, F8 (Flyball, 8LS, EV 90.0 MPH)
|
|
Batting: SHB Terry Tuckfard
|
0-0: Ground out 4-3 (Groundball, 34, EV 107.5 MPH)
|
| Top of the 4th over - 0 runs, 0 hits, 0 errors, 0 left on base; Atlanta 0 - Pittsburgh 3 |
| BOTTOM OF THE 4TH |
|
Pittsburgh Pirates batting - Pitching for Atlanta Braves : LHP Matthew Spurrell
|
|
Batting: RHB David Contreras
|
0-0: Swinging Strike 0-1: Ball 1-1: Called Strike 1-2: Ball 2-2: Ground out U3 (Groundball, 3S, EV 88.8 MPH)
|
|
Batting: SHB Brad Day
|
0-0: Ball 1-0: Ground out 5-3 (Groundball, 5, EV 84.4 MPH)
|
|
Batting: RHB Eisse Bravenboer
|
0-0: Swinging Strike 0-1: Ball 1-1: Foul Ball, location: 2F 1-2: Strikes out looking
|
| Bottom of the 4th over - 0 runs, 0 hits, 0 errors, 0 left on base; Atlanta 0 - Pittsburgh 3 |
| TOP OF THE 5TH |
|
Atlanta Braves batting - Pitching for Pittsburgh Pirates : LHP Marko Emchenko
|
|
Now at C: Trevor Weareorwear
|
|
|
Now at 3B: Richard Barrios
|
|
|
Now at SS: Bubba Tierney
|
|
|
Now in RF: Chris Salim
|
|
|
Batting: RHB J.J. Powers
|
0-0: Foul Ball, location: 2F 0-1: Ball 1-1: Ball 2-1: Ball 3-1: Base on Balls
|
|
Batting: RHB Liangde Li
|
0-0: Ball 1-0: Called Strike 1-1: Ball 2-1: Foul Ball, location: 2F 2-2: Ball 3-2: Fielders Choice at 2nd, 5-4 (Groundball, 56S, EV 76.9 MPH)
|
|
Batting: LHB Erik Gretzky
|
0-0: Ball Liangde Li steals 2nd base 1-0: DOUBLE (Flyball, 89XD, EV 102.5 MPH) Liangde Li scores
|
|
Batting: RHB Zheng-ze King
|
0-0: Called Strike 0-1: Ball 1-1: Called Strike 1-2: Foul Ball, location: 2F 1-2: Ground out 1-3 (Groundball, 15S, EV 70.6 MPH)
|
|
Batting: RHB Jared Speck
|
0-0: Ball 1-0: Foul Ball, location: 2F 1-1: Fly out, F2 (Popup, 5SF, EV 74.4 MPH)
|
| Top of the 5th over - 1 run, 1 hit, 0 errors, 1 left on base; Atlanta 1 - Pittsburgh 3 |
| BOTTOM OF THE 5TH |
|
Pittsburgh Pirates batting - Pitching for Atlanta Braves : LHP Matthew Spurrell
|
|
Pitching: RHP Tim Kull
|
|
|
Now at C: Art D'Ascenzo
|
|
|
Now at 1B: Jordan Martin
|
|
|
Now at 2B: Alex Munoz
|
|
|
Now at 3B: Tade Post
|
|
|
Now in LF: Erik Coleman
|
|
|
Batting: RHB Andrew Robinson
|
0-0: Called Strike 0-1: Ball 1-1: Foul Ball, location: 2F 1-2: Ball 2-2: Ball 3-2: Foul Ball, location: 2F 3-2: Strikes out looking
|
|
Batting: LHB Xavier Pittman
|
0-0: Ball 1-0: Ball 2-0: Foul Ball, location: 2F 2-1: Swinging Strike 2-2: Ball 3-2: Foul Ball, location: 2F 3-2: Foul Ball, location: 2F 3-2: Fly out, F6 (Line Drive, 4M, EV 81.9 MPH)
|
|
Batting: LHB Sammy Roddenberry
|
0-0: Ball 1-0: Foul Ball, location: 2F 1-1: Ball 2-1: Foul Ball, location: 2F 2-2: Strikes out swinging
|
| Bottom of the 5th over - 0 runs, 0 hits, 0 errors, 0 left on base; Atlanta 1 - Pittsburgh 3 |
| TOP OF THE 6TH |
|
Atlanta Braves batting - Pitching for Pittsburgh Pirates : LHP Marko Emchenko
|
|
Pitching: RHP Justin West
|
|
|
Now at 2B: Chris Pozzi
|
|
|
Batting: RHB Erik Coleman
|
0-0: Ball 1-0: Ball 2-0: Ball 3-0: Base on Balls
|
|
Batting: LHB Art D'Ascenzo
|
0-0: Ball Erik Coleman is caught stealing 2nd base 2-6 1-0: Ball 2-0: Called Strike 2-1: Ball 3-1: Called Strike 3-2: Ground out 6-3 (Groundball, 6, EV 78.8 MPH)
|
|
Batting: RHB Tade Post
|
0-0: Ball 1-0: Called Strike 1-1: Called Strike 1-2: Ball 2-2: Ball 3-2: Strikes out swinging
|
| Top of the 6th over - 0 runs, 0 hits, 0 errors, 0 left on base; Atlanta 1 - Pittsburgh 3 |
| BOTTOM OF THE 6TH |
|
Pittsburgh Pirates batting - Pitching for Atlanta Braves : RHP Tim Kull
|
|
Pitching: RHP Ruben Valle
|
|
|
Batting: LHB Chris Salim
|
0-0: Ball 1-0: Foul Ball, location: 2F 1-1: Foul Ball, location: 2F 1-2: Strikes out looking
|
|
Batting: RHB Bubba Tierney
|
0-0: Ball 1-0: Ball 2-0: Called Strike 2-1: Foul Ball, location: 2F 2-2: Foul Ball, location: 2F 2-2: Foul Ball, location: 2F 2-2: Ground out 5-3 (Groundball, 56S, EV 86.9 MPH)
|
|
Pinch Hitting: RHB Jason Moss
|
0-0: Ball 1-0: Ball 2-0: Called Strike 2-1: Foul Ball, location: 2F 2-2: Strikes out swinging
|
| Bottom of the 6th over - 0 runs, 0 hits, 0 errors, 0 left on base; Atlanta 1 - Pittsburgh 3 |
| TOP OF THE 7TH |
|
Atlanta Braves batting - Pitching for Pittsburgh Pirates : RHP Justin West
|
|
Now in LF: Jason Moss
|
|
|
Batting: RHB Alex Munoz
|
0-0: Ball 1-0: Swinging Strike 1-1: Ball 2-1: Foul Ball, location: 2F 2-2: Ground out 5-3 (Groundball, 56S, EV 66.2 MPH)
|
|
Pinch Hitting: RHB Ike Trout
|
0-0: Ball 1-0: SINGLE (Groundball, 4MD, EV 108.8 MPH) (infield hit)
|
|
Pinch Hitting: RHB Rich Stinson
|
0-0: Called Strike 0-1: Ball 1-1: Foul Ball, location: 2F 1-2: Hit by Pitch Ike Trout to second
|
|
Pinch Hitting: LHB Luis Magdaleno
|
0-0: Ball 1-0: Ground out 6-3 (Groundball, P, EV 76.2 MPH) Ike Trout to third Rich Stinson to second
|
|
Batting: RHB Jordan Martin
|
0-0: Ball 1-0: Called Strike 1-1: Swinging Strike 1-2: Ball 2-2: Ball 3-2: Base on Balls
|
|
Batting: LHB Darryl Gonnella
|
0-0: Ball 1-0: SINGLE (Groundball, 34D, EV 103.1 MPH) Ike Trout scores Rich Stinson to third Jordan Martin to second Runner from 3rd tries for Home, SAFE, throw by RF to home
|
|
Pitching: RHP Josh Ambrose
|
|
|
Batting: RHB Erik Coleman
|
0-0: Called Strike 0-1: Foul Ball, location: 2F 0-2: Ground out 5-3 (Groundball, 56S, EV 86.2 MPH)
|
| Top of the 7th over - 2 runs, 2 hits, 0 errors, 2 left on base; Atlanta 3 - Pittsburgh 3 |
| BOTTOM OF THE 7TH |
|
Pittsburgh Pirates batting - Pitching for Atlanta Braves : RHP Ruben Valle
|
|
Pitching: RHP Nate Bixler
|
|
|
Now at SS: Ike Trout
|
|
|
Now in CF: Rich Stinson
|
|
|
Now in RF: Luis Magdaleno
|
|
|
Batting: RHB Richard Barrios
|
0-0: Ball 1-0: Foul Ball, location: 2F 1-1: Swinging Strike 1-2: Foul Ball, location: 2F 1-2: Ball 2-2: Strikes out swinging
|
|
Batting: SHB Brad Day
|
0-0: Ball 1-0: Swinging Strike 1-1: Ground out 4-3 (Groundball, 4, EV 88.8 MPH)
|
|
Batting: SHB Trevor Weareorwear
|
0-0: Called Strike 0-1: Ball 1-1: Called Strike 1-2: Ball 2-2: Ball 3-2: SINGLE (Groundball, 34D, EV 100.0 MPH)
|
|
Batting: LHB Micah Boshnjaku
|
0-0: Ball 1-0: Ball 2-0: Called Strike 2-1: SINGLE (Line Drive, 6MD, EV 101.9 MPH) Trevor Weareorwear to second
|
|
Batting: RHB Chris Pozzi
|
0-0: Ball 1-0: Ball 2-0: Ball 3-0: Base on Balls Trevor Weareorwear to third Micah Boshnjaku to second
|
|
Pinch Hitting: LHB Jorge Quintana
|
0-0: Called Strike 0-1: Foul Ball, location: 2F 0-2: Foul Ball, location: 2F 0-2: Foul Ball, location: 2F 0-2: Ball 1-2: Foul Ball, location: 2F 1-2: Strikes out swinging
|
| Bottom of the 7th over - 0 runs, 2 hits, 0 errors, 3 left on base; Atlanta 3 - Pittsburgh 3 |
| TOP OF THE 8TH |
|
Atlanta Braves batting - Pitching for Pittsburgh Pirates : RHP Josh Ambrose
|
|
Pitching: LHP Jimmy Vanthournoutingtonle
|
|
|
Now in CF: Jorge Quintana
|
|
|
Batting: LHB Art D'Ascenzo
|
0-0: Called Strike 0-1: Swinging Strike 0-2: Fly out, F3 (Line Drive, 3, EV 70.0 MPH)
|
|
Batting: RHB Tade Post
|
0-0: Ball 1-0: Ball 2-0: Foul Ball, location: 2F 2-1: Fly out, F8 (Flyball, 8RD, EV 95.6 MPH)
|
|
Batting: RHB Alex Munoz
|
0-0: Ball 1-0: Called Strike 1-1: Swinging Strike 1-2: Ball 2-2: Ball 3-2: Strikes out looking
|
| Top of the 8th over - 0 runs, 0 hits, 0 errors, 0 left on base; Atlanta 3 - Pittsburgh 3 |
| BOTTOM OF THE 8TH |
|
Pittsburgh Pirates batting - Pitching for Atlanta Braves : RHP Nate Bixler
|
|
Pitching: LHP Shingo Miura
|
|
|
Batting: LHB Chris Salim
|
0-0: Ball 1-0: Ball 2-0: Ball 3-0: Called Strike 3-1: Swinging Strike 3-2: Strikes out swinging
|
|
Batting: RHB Bubba Tierney
|
0-0: Ball 1-0: Ball 2-0: Fly out, F7 (Line Drive, 7LS, EV 103.8 MPH)
|
|
Batting: RHB Jason Moss
|
0-0: Ball 1-0: SINGLE (Line Drive, 7S, EV 112.5 MPH)
|
|
Batting: RHB Richard Barrios
|
0-0: Foul Ball, location: 2F 0-1: Foul Ball, location: 2F 0-2: Ball 1-2: Strikes out swinging
|
| Bottom of the 8th over - 0 runs, 1 hit, 0 errors, 1 left on base; Atlanta 3 - Pittsburgh 3 |
| TOP OF THE 9TH |
|
Atlanta Braves batting - Pitching for Pittsburgh Pirates : LHP Jimmy Vanthournoutingtonle
|
|
Pitching: RHP Robby Poyfair
|
|
|
Batting: RHB Ike Trout
|
0-0: SINGLE (Flyball, 34D, EV 83.1 MPH)
|
|
Batting: RHB Rich Stinson
|
0-0: Called Strike 0-1: Ball 1-1: Ball Ike Trout steals 2nd base 2-1: Foul Ball, location: 2F 2-2: Ball 3-2: Strikes out swinging
|
|
Batting: LHB Luis Magdaleno
|
0-0: Intentional Walk
|
|
Batting: RHB Jordan Martin
|
0-0: Ball 1-0: Foul Ball, location: 2F 1-1: Ball 2-1: DOUBLE (Line Drive, 89XD, EV 112.5 MPH) Ike Trout scores Luis Magdaleno to third
|
|
Batting: LHB Darryl Gonnella
|
0-0: Ball 1-0: Ball 2-0: Ball 3-0: Called Strike 3-1: Called Strike 3-2: Strikes out swinging
|
|
Batting: RHB Erik Coleman
|
0-0: Ball 1-0: Called Strike 1-1: Foul Ball, location: 2F 1-2: SINGLE (Groundball, 56D, EV 96.9 MPH) Luis Magdaleno scores Jordan Martin to third Runner from 3rd tries for Home, SAFE, throw by LF to home
|
|
Pinch Hitting: RHB John Peterson
|
0-0: Ground out 4-3 (Groundball, 34S, EV 89.4 MPH)
|
| Top of the 9th over - 3 runs, 3 hits, 0 errors, 1 left on base; Atlanta 6 - Pittsburgh 3 |
| BOTTOM OF THE 9TH |
|
Pittsburgh Pirates batting - Pitching for Atlanta Braves : LHP Shingo Miura
|
|
Pitching: RHP Greg Hart
|
|
|
Now at C: John Peterson
|
|
|
Pinch Hitting: RHB Etsuro Hosokawa
|
0-0: Called Strike 0-1: Swinging Strike 0-2: Fly out, F4 (Line Drive, 4, EV 72.5 MPH)
|
|
Batting: SHB Trevor Weareorwear
|
0-0: Swinging Strike 0-1: Foul Ball, location: 2F 0-2: Foul Ball, location: 2F 0-2: Strikes out swinging
|
|
Batting: LHB Micah Boshnjaku
|
0-0: Foul Ball, location: 2F 0-1: Called Strike 0-2: Ground out 4-3 (Groundball, 4, EV 90.6 MPH)
|
| Bottom of the 9th over - 0 runs, 0 hits, 0 errors, 0 left on base; Atlanta 6 - Pittsburgh 3 |
|